 Dungeon Crawl Stone Soup version 0.22-a0-482-g76e0a5f (webtiles) character file.

149 Gildenfire the Chopper (level 5, 0/32 HPs)
             Began as a Tengu Fighter on June 17, 2018.
             Killed by nerve-wracking pain
             ... invoked by an orc priest
              (14 damage)
             ... on level 4 of the Dungeon.
             The game lasted 00:12:46 (2166 turns).

Gildenfire the Chopper (Tengu Fighter)              Turns: 2166, Time: 00:12:47

Health: 0/32       AC: 12    Str: 17    XL:     5   Next: 31%
Magic:  6/6        EV:  4    Int:  8    God:
Gold:   120        SH:  9    Dex: 14    Spells: 4/4 levels left

rFire    . . .     SeeInvis .   a - +1 war axe
rCold    . . .     Gourm    .   c - +0 shield
rNeg     . . .     Faith    .   j - +0 chain mail
rPois    .         Spirit   .   (helmet restricted)
rElec    .         Reflect  .   (no cloak)
rCorr    .         Harm     .   (no gloves)
MR       .....                  (boots unavailable)
Stlth    ..........             (no amulet)
HPRegen  0.10/turn              o - +3 ring of protection
MPRegen  0.10/turn              (no ring)

@: no status effects
A: beak, talons 3, able to fly 1
a: Fly


You were on level 4 of the Dungeon.
You were not hungry.

You visited 1 branch of the dungeon, and saw 4 of its levels.

You collected 120 gold pieces.

Inventory:

Hand Weapons
 a - a +1 war axe (weapon)
 p - a +2 mace of protection
Armour
 c - a +0 shield (worn)
 j - a +0 chain mail (worn)
Jewellery
 o - a +3 ring of protection (left hand)
Scrolls
 i - 5 scrolls of remove curse
Potions
 d - a potion of might
 h - a potion of cancellation {unknown}
 k - a potion of ambrosia {unknown}
 l - a potion of degeneration {unknown}
 m - 2 potions of agility {unknown}
 n - a potion of flight {unknown}
Comestibles
 b - a chunk of flesh
 f - 8 rations


   Skills:
 * Level 3.6 Fighting
 + Level 4.3 Axes
 * Level 4.0 Armour
 - Level 0.1 Dodging
 + Level 3.5 Shields


You had 4 spell levels left.
You didn't know any spells.
Your spell library was empty.

Dungeon Overview and Level Annotations

Branches:
Dungeon (4/15)
 Temple: D:4-7

Altars:
Ru


Innate Abilities, Weirdness & Mutations

You have a beak for a mouth.
You have claws for feet.
You can fly.


Message History

The orc wizard hits you but does no damage.
You closely miss the orc wizard.
The orc wizard is lightly wounded.
The orc wizard hits you but does no damage.
The orc priest mumbles some strange prayers to Beogh against you.
Pain shoots through your body!
* * * LOW HITPOINT WARNING * * *
You miss the orc wizard. Your peck misses the orc wizard.
The orc wizard is lightly wounded.
Your shield and chain mail prevent you from hitting the orc priest.
The orc wizard hits you but does no damage.
You block the orc priest's attack.
The orc wizard gestures at you while chanting.
You are confused.
It was a potion of curing.
You feel better.
The orc priest hits you but does no damage.
The orc priest barely misses you. The orc wizard barely misses you.
The orc priest invokes the aid of Beogh against you.
Pain shoots through your body!
You die...

#....# #....##
####
####.<...##...##
#..............###
#.................
#...............#.
##......#.........
#...##.........#
######..@.#+#.
#....#
#...ooo.....
#....###.###
#....# #....#
#...>+ #....#
##...#


You could see 2 orc priests and an orc wizard.

Vanquished Creatures
  An orc wizard (D:3)
  4 adders
  An ooze (D:3)
  An adder zombie (D:2)
  A dart slug (D:2)
  4 leopard geckos
  An orc (D:3)
  3 ball pythons
  3 giant cockroaches
  8 goblins
  10 hobgoblins
  4 jackals (D:1)
  5 kobolds
  A quokka (D:2)
  6 bats
  9 frilled lizards
  10 rats
  A plant (D:2)
73 creatures vanquished.

Notes
Turn   | Place    | Note
-------+----------+-------------------------------------------
     0 | D:1      | Gildenfire the Tengu Fighter began the quest for the Orb.
     0 | D:1      | Reached XP level 1. HP: 14/14 MP: 2/2
    93 | D:1      | Reached XP level 2. HP: 18/19 MP: 3/3
   213 | D:1      | Reached XP level 3. HP: 19/23 MP: 4/4
   829 | D:2      | Reached XP level 4. HP: 28/28 MP: 5/5
  1128 | D:2      | Found a faded altar of an unknown god.
  1551 | D:3      | Found a sacrificial altar of Ru.
  1557 | D:3      | Gained mutation: You can fly. [Tengu growth]
  1557 | D:3      | Reached XP level 5. HP: 32/32 MP: 6/6
  2166 | D:4      | Killed from afar by an orc priest

Vault maps used:
D:1:      dpeg_arrival_prison
D:2:      chequers_ecumenical_altar_lobes
D:3:      nicolae_ru_great_annihilating_truth
D:4:      uniq_blork_the_orc

Skill      XL: |  1  2  3  4 |
---------------+-------------+-----
Axes           | 3 4 |  4.3
Armour         | 4 |  4.0
Fighting       | |  3.6
Dodging        | |  0.1
Shields        | |  3.5

Action                   |  1- 3 |  4- 6 || total
-------------------------+-------+-------++-------
Melee: War axe           |    78 |    75 ||   153
       Kick              |    16 |     9 ||    25
       Peck              |    10 |    15 ||    25
  Use: Scroll            |     2 |     2 ||     4
       Potion            |       |     1 ||     1
 Stab: Invisible         |       |     1 ||     1
  Eat: Chunk             |       |     4 ||     4
Armor: Scale mail        |    46 |     8 ||    54
       Chain mail        |       |    30 ||    30
Dodge: Dodged            |    20 |    13 ||    33
Block: Shield            |    40 |    31 ||    71

Table legend:
 A = Spawn XP
 B = Non-spawn XP
 C = Spawn XP percentage of total XP
 D = Spawn monster count
 E = Non-spawn monster count
 F = Spawn count percentage of total count
 G = Total turns spent on level
                    A         B        C        D         E        F      G
               +---------+---------+-------+---------+---------+-------+---------
         Total |       0 |     214 |   0.0 |       0 |      72 |   0.0 |  2166
               +---------+---------+-------+---------+---------+-------+---------
           D:1 |       0 |      48 |   0.0 |       0 |      28 |   0.0 |   447
           D:2 |       0 |      62 |   0.0 |       0 |      21 |   0.0 |   811
           D:3 |       0 |     104 |   0.0 |       0 |      23 |   0.0 |   889
               +---------+---------+-------+---------+---------+-------+---------
